Workbook

Sheet PMT
A1: Detail | B1: Value
A2: Loan Amount | B2: 100000
A3: Annual Interest Rate | B3: 0.08
A4: Loan Tenure (Years) | B4: 5
A5: EMI | B5: =PMT(B3/12,B4*12,-B2) -> 2027.6394

Sheet Manual
A1: Detail | B1: Value
A2: Loan Amount | B2: 10000
A3: Annual Interest Rate | B3: 0.15
A4: Loan Tenure (Years) | B4: 1
A5: Monthly Interest Rate | B5: =B3/12 -> 0.0125
A6: Total Payments | B6: =B4*12 -> 12
A7: EMI | B7: =(B2*B5*(1+B5)^(B6))/((1+B5)^(B6)-1) -> 902.58312

Sheet Amortization
A1: Serial | B1: Payment | C1: Interest | D1: Principal | E1: Balance | F1: Date
A2: 1 | B2: =Manual!$B$7 -> 902.58312 | C2: =Manual!B2*Manual!$B$5 -> 125 | D2: =B2-C2 -> 777.58312 | E2: =Manual!B2-D2 -> 9222.4169 | F2: 45658
A3: 2 | B3: =Manual!$B$7 -> 902.58312 | C3: =E2*Manual!$B$5 -> 115.28021 | D3: =B3-C3 -> 787.30291 | E3: =E2-D3 -> 8435.114 | F3: 45689
A4: 3 | B4: =Manual!$B$7 -> 902.58312 | C4: =E3*Manual!$B$5 -> 105.43892 | D4: =B4-C4 -> 797.1442 | E4: =E3-D4 -> 7637.9698 | F4: 45717
A5: 4 | B5: =Manual!$B$7 -> 902.58312 | C5: =E4*Manual!$B$5 -> 95.474622 | D5: =B5-C5 -> 807.1085 | E5: =E4-D5 -> 6830.8613 | F5: 45748
A6: 5 | B6: =Manual!$B$7 -> 902.58312 | C6: =E5*Manual!$B$5 -> 85.385766 | D6: =B6-C6 -> 817.19736 | E6: =E5-D6 -> 6013.6639 | F6: 45778
A7: 6 | B7: =Manual!$B$7 -> 902.58312 | C7: =E6*Manual!$B$5 -> 75.170799 | D7: =B7-C7 -> 827.41232 | E7: =E6-D7 -> 5186.2516 | F7: 45809
A8: 7 | B8: =Manual!$B$7 -> 902.58312 | C8: =E7*Manual!$B$5 -> 64.828145 | D8: =B8-C8 -> 837.75498 | E8: =E7-D8 -> 4348.4966 | F8: 45839
A9: 8 | B9: =Manual!$B$7 -> 902.58312 | C9: =E8*Manual!$B$5 -> 54.356208 | D9: =B9-C9 -> 848.22692 | E9: =E8-D9 -> 3500.2697 | F9: 45870
A10: 9 | B10: =Manual!$B$7 -> 902.58312 | C10: =E9*Manual!$B$5 -> 43.753371 | D10: =B10-C10 -> 858.82975 | E10: =E9-D10 -> 2641.4399 | F10: 45901
A11: 10 | B11: =Manual!$B$7 -> 902.58312 | C11: =E10*Manual!$B$5 -> 33.017999 | D11: =B11-C11 -> 869.56512 | E11: =E10-D11 -> 1771.8748 | F11: 45931
A12: 11 | B12: =Manual!$B$7 -> 902.58312 | C12: =E11*Manual!$B$5 -> 22.148435 | D12: =B12-C12 -> 880.43469 | E12: =E11-D12 -> 891.44012 | F12: 45962
A13: 12 | B13: =Manual!$B$7 -> 902.58312 | C13: =E12*Manual!$B$5 -> 11.143002 | D13: =B13-C13 -> 891.44012 | E13: =E12-D13 -> -8.0717655e-12 | F13: 45992
